Map: Divergence LE

Players

qqq - Winner!

  • Race: Zerg Zerg
  • League: Platinum
  • Spawn Location: 5:00

Massa - Winner!

  • Race: Terran Terran
  • League: Gold
  • Spawn Location: 5:00

noobella

  • Race: Protoss Protoss
  • Spawn Location: 11:00

Teodora

  • Race: Protoss Protoss
  • League: Diamond
  • Spawn Location: 11:00

VOD

Have the link to the VOD?

Description

Time

  • Played on: July 25, 2020, 10:13 a.m.
  • Length: 15:39
Show
View Real Time Build Order
Export as new Build Order

qqq Zerg - Winner!

Build Orders: Hatch First 

Get SALT Encoding   

  12  0:02  Drone  
  13  0:13  Drone  
  14  0:41  Hatchery  
  13  0:50  Spawning Pool  
  12  0:58  Overlord  
  12  1:03  Drone  
  13  1:07  Drone  
  14  1:17  Extractor, Drone  
  14  1:25  Drone  
  15  1:45  Drone x2  
  17  1:50  Queen  
  17  1:53  Zergling x2  
  20  2:03  Drone  
  20  2:05  Drone  
  20  2:07  Queen  
  24  2:12  Drone  
  25  2:30  Drone  
  25  2:32  Drone  
  25  2:36  Drone  
  28  2:37  Overlord  
  28  2:56  Drone x3  
  28  2:57  Zergling x2  
  32  3:06  Zergling x2  
  32  3:07  Zergling x2  
  32  3:08  Zergling x2  
  32  3:09  Metabolic Boost, Zergling x2  
  36  3:14  Overlord  
  36  3:15  Overlord  
  36  3:28  Overlord  
  36  3:32  Drone x2  
  36  3:33  Drone x3  
  41  3:43  Extractor, Lair  
  41  3:44  Drone x3  
  41  3:46  Drone  
  41  3:47  Drone  
  45  4:14  Drone x2  
  45  4:15  Drone  
  48  4:22  Zergling x6  
  48  4:23  Zergling x2  
  52  4:25  Drone  
  52  4:26  Drone  
  52  4:29  Drone  
  55  4:33  Hatchery  
  55  4:34  Zergling x4  
  56  4:45  Hatchery  
  55  4:50  Zergling x2  
  55  4:51  Drone  
  55  4:52  Drone  
  58  4:55  Extractor  
  58  5:00  Zergling x2  
  58  5:06  Extractor  
  57  5:10  Hydralisk Den  
  56  5:19  Roach Warren  
  56  5:20  Drone x3  
  56  5:21  Drone, Evolution Chamber  
  59  5:22  Zergling x4  
  59  5:23  Evolution Chamber  
  59  5:27  Overlord  
  59  5:28  Overlord  
  59  5:35  Overlord  
  59  5:36  Overlord x2  
  59  5:42  Overlord  
  59  5:43  Overlord  
  59  5:47  Drone  
  60  6:00  Drone x2  
  60  6:01  Drone  
  60  6:03  Zergling x2  
  64  6:05  Zergling x2  
  63  6:14  Roach x2  
  63  6:15  Roach x4  
  75  6:31  Pneumatized Carapace  
  75  6:32  Overseer  
  75  6:33  Drone  
  75  6:34  Drone x3  
  79  6:44  Roach x2  
  79  6:45  Roach  
  79  6:46  Hatchery  
  84  6:48  Zerg Missile Weapons Level 1  
  84  6:53  Drone  
  85  6:55  Lurker Den  
  83  7:05  Hatchery  
  74  7:12  Roach  
  74  7:13  Roach x4  
  74  7:14  Roach x3  
  81  7:29  Roach x3  
  85  7:30  Roach x3  
  85  7:31  Roach  
  83  7:56  Roach x5  
  83  7:57  Drone x6  
  97  8:04  Hydralisk  
  97  8:11  Drone x2  
  97  8:12  Roach x2  
  103  8:17  Tunneling Claws  
  103  8:19  Spore Crawler  
  102  8:21  Drone, Spine Crawler  
  102  8:22  Drone x3  
  105  8:35  Roach x3  
  105  8:36  Drone x3  
  113  8:42  Overlord  
  113  8:44  Roach  
  106  9:13  Overseer  
  106  9:14  Hydralisk x2, Roach x3  
  106  9:16  Drone x7  
  106  9:17  Drone  
  124  9:22  Drone  
  125  9:26  Spine Crawler  
  125  9:27  Spore Crawler  
  125  9:29  Spine Crawler  
  125  9:31  Spine Crawler  
  121  9:32  Spine Crawler, Spore Crawler  
  121  9:34  Drone  
  121  9:35  Spine Crawler  
  121  9:36  Spine Crawler, Spore Crawler  
  121  9:37  Drone x3  
  121  9:38  Roach x3  
  120  10:06  Drone x6  
  126  10:15  Hatchery  
  126  10:19  Hatchery, Spine Crawler  
  126  10:20  Hatchery, Roach  
  124  10:25  Hydralisk  
  124  10:26  Overlord  
  124  10:27  Overlord x4  
  126  10:39  Spine Crawler  
  126  10:40  Drone  
  126  10:41  Drone, Spine Crawler, Overlord x2  
  126  10:45  Zerg Melee Weapons Level 1  
  126  10:46  Zerg Ground Armor Level 1  
  126  10:49  Grooved Spines  
  126  10:55  Infestation Pit  
  126  10:56  Zergling x6  
  126  10:57  Zergling x10  
  131  11:00  Drone x2  
  101  12:00  Muscular Augments  
  89  12:05  Roach x6  
  89  12:06  Hydralisk x7, Roach x2  
  107  12:16  Roach  
  107  12:22  Hydralisk x2, Hive  
  109  12:23  Hydralisk  
  109  12:24  Zergling x14  
  109  12:27  Lurker  
  123  12:34  Lurker x2  
  123  12:37  Ravager x8  
  128  12:38  Hydralisk, Ravager x3  
  128  12:39  Hydralisk x4, Zerg Missile Weapons Level 2  
  128  12:40  Zergling x4  
  128  12:41  Drone x3  
  128  12:42  Drone x5  
  128  12:43  Drone  
  157  13:14  Hatchery  
  156  13:21  Hatchery  
  156  13:22  Hatchery  
  156  13:24  Hydralisk  
  156  13:25  Hydralisk x6  
  156  13:26  Zergling x6  
  156  13:27  Zergling x10  
  154  13:55  Roach x8  
  165  13:56  Drone x2, Roach x2  
  165  13:57  Drone x6  
  165  13:58  Drone  
  165  13:59  Zergling x8  
  182  14:09  Spire  
  181  14:18  Drone x3  
  181  14:19  Roach x2  
  181  14:20  Roach x3  
  193  14:35  Drone x4  
  193  14:36  Drone x3, Roach  
  193  14:38  Hydralisk  
  178  14:56  Drone  
  178  14:57  Drone x6  
  178  14:59  Spine Crawler  
  184  15:00  Spine Crawler, Spore Crawler  
  184  15:03  Spine Crawler x2  
  184  15:04  Drone x3, Spine Crawler  
  182  15:22  Lurker  
  182  15:23  Lurker  
Show
View Real Time Build Order
Export as new Build Order

Massa Terran - Winner!

Build Orders:  

Get SALT Encoding   

  12  0:02  SCV  
  13  0:14  Supply Depot  
  13  0:18  SCV  
  14  0:30  SCV  
  15  0:39  Barracks  
  15  0:42  SCV  
  16  0:48  Refinery  
  16  0:54  SCV  
  17  1:06  SCV  
  18  1:18  SCV  
  19  1:27  Supply Depot  
  19  1:30  SCV  
  20  1:47  Orbital Command  
  20  1:49  Reaper  
  21  1:56  Barracks  
  21  2:20  Command Center  
  21  2:21  Reaper  
  22  2:32  Engineering Bay  
  22  2:53  Reaper  
  23  3:14  Barracks Tech Lab  
  23  3:20  Missile Turret  
  23  3:25  Marine  
  24  3:28  Factory  
  24  3:43  Marine  
  25  4:08  SCV  
  26  4:12  SCV  
  27  4:20  SCV  
  27  4:21  Factory Tech Lab  
  27  4:23  Marauder  
  30  4:24  SCV  
  30  4:25  Command Center, Stimpack  
  31  4:32  SCV  
  31  4:37  SCV  
  33  4:44  SCV  
  33  4:45  Marauder  
  33  4:49  Orbital Command  
  33  4:56  SCV  
  34  5:05  Barracks Reactor  
  34  5:06  Marauder  
  36  5:07  Refinery  
  36  5:08  SCV  
  37  5:18  SCV  
  37  5:20  SCV  
  39  5:28  Marauder  
  41  5:31  SCV  
  41  5:33  SCV  
  43  5:36  Command Center  
  43  5:45  Barracks  
  43  5:49  Barracks, Marauder  
  45  5:52  Marine x2  
  47  5:57  Planetary Fortress  
  47  6:02  SCV x2  
  49  6:09  Refinery  
  49  6:10  Marauder, Marine x2  
  53  6:12  Refinery  
  53  6:14  SCV x2  
  53  6:15  Widow Mine  
  57  6:26  SCV  
  57  6:27  SCV, Marine  
  57  6:28  Marine  
  61  6:41  Supply Depot  
  61  6:42  Supply Depot  
  61  6:45  Supply Depot  
  61  6:46  Supply Depot  
  61  6:47  Marine x2, Supply Depot  
  61  6:48  Widow Mine, SCV x2, Marauder  
  61  6:49  Sensor Tower  
  61  6:50  Barracks Reactor, Barracks Tech Lab  
  69  7:00  SCV x2  
  68  7:05  Marine x2  
  65  7:09  Marauder  
  65  7:10  Widow Mine  
  55  7:23  Marine x2  
  47  7:31  Marauder  
  47  7:41  Marine x2  
  49  7:45  Supply Depot  
  48  7:52  Marauder  
  48  7:57  Marauder  
  51  7:58  Marine  
  51  7:59  Marine x3  
  51  8:02  Widow Mine  
  57  8:13  Marauder  
  57  8:16  Marine x4  
  57  8:18  SCV x3  
  57  8:19  Marauder  
  62  8:30  SCV x3  
  55  8:34  Marine x4  
  55  8:35  Marauder  
  55  8:40  Marauder  
  61  8:42  SCV  
  62  8:52  Marine x4  
  62  8:54  SCV  
  67  8:56  Marauder  
  67  9:02  Marauder  
  69  9:06  Missile Turret  
  69  9:09  Marine  
  51  9:18  Marauder  
  51  9:23  Marauder  
  54  9:24  SCV  
  54  9:36  SCV  
  55  9:39  Marauder  
  55  9:44  Marauder  
  58  9:48  SCV  
  56  10:00  SCV  
  56  10:02  Missile Turret  
  56  10:03  Missile Turret  
  56  10:06  SCV  
  58  10:12  SCV  
  59  10:18  SCV  
  60  10:21  Missile Turret  
  60  10:25  SCV  
  61  10:30  SCV  
  62  10:37  SCV  
  62  10:40  Marauder x2, Marine x4, Command Center  
  62  10:42  SCV  
  72  10:49  SCV  
  73  10:54  SCV  
  74  10:58  Marine x4  
  74  11:01  SCV, Marauder x2  
  79  11:15  Marine  
  79  11:16  Marine x3  
  83  11:22  Marauder, Marine  
  83  11:24  SCV  
  86  11:33  Marine  
  86  11:34  Marine x3  
  86  11:36  SCV  
  91  11:45  Marauder  
  93  11:51  Widow Mine, Marauder, Marine  
  93  11:52  Marine x2  
  99  11:54  Supply Depot  
  98  12:06  Marauder  
  100  12:13  Marauder  
  95  12:27  Marauder  
  86  12:34  Marauder  
  57  12:49  Marauder  
  56  12:56  Marauder  
  49  12:59  Marine x4  
  49  13:02  Siege Tank  
  56  13:10  Marauder  
  59  13:15  SCV x2  
  59  13:17  Marauder, Marine x4  
  59  13:19  Orbital Command  
  66  13:27  SCV  
  66  13:28  SCV, Missile Turret  
  66  13:32  Orbital Command, Marauder  
  70  13:35  Marine x4  
  70  13:38  Marauder  
  70  13:40  SCV x2  
  78  13:45  SCV  
  79  13:51  Starport  
  79  13:52  SCV x2  
  79  13:53  Marauder  
  83  13:57  SCV  
  83  14:00  Marauder  
  86  14:04  SCV x2  
  86  14:09  SCV  
  89  14:14  Marauder  
  91  14:21  Marauder  
  93  14:29  Marine x4  
  97  14:36  Marauder  
  97  14:37  Missile Turret  
  97  14:38  SCV x4  
  100  14:42  Marauder  
  105  14:46  Marine  
  105  14:50  SCV x2  
  105  14:51  SCV x2  
  110  14:57  Marauder  
  112  15:02  SCV, Marine  
  112  15:03  SCV x2  
  116  15:13  Supply Depot  
  116  15:16  Supply Depot x2  
  116  15:17  Supply Depot  
  116  15:21  Refinery  
  122  15:39  Supply Depot  
Show
View Real Time Build Order
Export as new Build Order

noobella Protoss 

Build Orders: Zealot Archon, Dark Templar Rush 

Get SALT Encoding   

  12  0:06  Probe  
  13  0:19  Pylon  
  13  0:26  Probe  
  14  0:39  Gateway  
  14  0:41  Probe  
  15  0:45  Assimilator  
  15  0:53  Probe  
  16  1:02  Probe  
  16  1:05  Gateway  
  16  1:10  Probe  
  17  1:18  Assimilator  
  18  1:19  Probe  
  19  1:27  Cybernetics Core  
  19  1:32  Probe  
  20  1:44  Probe, Pylon  
  21  1:53  Adept  
  21  1:56  Probe  
  22  2:04  Adept  
  26  2:08  Warp Gate  
  26  2:18  Twilight Council  
  26  2:21  Probe  
  27  2:30  Shield Battery  
  27  2:34  Adept  
  29  2:46  Shield Battery  
  29  2:51  Pylon  
  29  2:52  Resonating Glaives  
  29  3:05  Adept  
  31  3:13  Adept  
  33  3:24  Dark Shrine  
  33  3:58  Stalker  
  33  3:59  Stalker  
  37  4:13  Robotics Facility  
  37  4:25  Gateway  
  37  4:29  Gateway  
  37  4:32  Adept  
  39  4:55  Pylon  
  39  4:58  Pylon  
  39  5:08  Pylon  
  39  5:17  Dark Templar x2  
  43  5:22  Archon  
  43  5:25  Adept x2  
  47  5:29  Warp Prism  
  49  5:51  Adept x4  
  57  6:39  Dark Templar x3  
  59  7:22  Dark Templar x3  
  29  8:00  Adept x4  
  33  8:11  Gateway  
  33  8:13  Gateway  
  33  8:17  Gateway  
  29  8:38  Dark Templar x2  
  25  9:37  Charge  
  23  9:40  Dark Templar  
  23  9:41  Dark Templar x2  
  29  9:46  Nexus  
  23  10:37  Zealot  
  23  10:38  Zealot x4  
  33  10:43  Immortal  
  33  10:47  Probe  
  38  10:59  Probe, Zealot x3  
  45  11:11  Probe  
  45  11:12  Zealot  
  47  11:18  Zealot  
  47  11:23  Probe  
  44  11:35  Probe  
  44  11:37  Dark Templar  
  27  12:11  Dark Templar x2  
  25  12:46  Dark Templar  
  25  13:31  Nexus  
  25  13:46  Zealot x3  
  31  14:08  Dark Templar  
  33  14:15  Zealot x2  
  33  14:56  Zealot  
  33  14:57  Zealot x2  
  39  15:14  Zealot  
Show
View Real Time Build Order
Export as new Build Order

Teodora Protoss 

Build Orders: Blink Stalkers 

Get SALT Encoding   

  12  0:01  Probe  
  13  0:13  Probe  
  14  0:18  Pylon  
  14  0:25  Probe  
  15  0:38  Gateway  
  15  0:41  Assimilator  
  15  0:44  Probe  
  16  0:55  Probe  
  17  1:03  Probe  
  17  1:11  Probe  
  18  1:15  Gateway  
  19  1:20  Pylon  
  19  1:23  Probe  
  20  1:33  Cybernetics Core  
  20  1:36  Zealot  
  20  1:39  Probe  
  23  1:52  Probe  
  24  1:57  Assimilator  
  24  2:04  Probe  
  25  2:11  Stalker  
  25  2:12  Stalker  
  29  2:16  Probe  
  29  2:20  Pylon  
  30  2:35  Probe  
  30  2:36  Forge  
  30  2:40  Warp Gate  
  30  2:48  Probe  
  31  3:01  Probe  
  31  3:04  Shield Battery  
  32  3:13  Probe  
  32  3:15  Photon Cannon  
  33  3:23  Stalker x2  
  33  3:25  Probe  
  38  3:39  Twilight Council  
  38  3:40  Probe  
  39  3:47  Blink  
  39  3:51  Pylon  
  39  3:52  Probe  
  37  4:05  Probe  
  38  4:18  Protoss Ground Weapons Level 1  
  38  4:31  Nexus  
  38  4:38  Probe  
  39  4:50  Probe, Photon Cannon  
  40  4:54  Shield Battery  
  40  5:02  Probe  
  40  5:03  Sentry  
  40  5:04  Sentry  
  46  5:14  Probe  
  46  5:25  Robotics Facility  
  46  5:26  Probe  
  46  5:27  Gateway  
  47  5:28  Charge  
  47  5:41  Pylon  
  47  5:43  Probe x2, Pylon  
  49  5:55  Probe  
  50  6:03  Probe, Pylon  
  51  6:04  Assimilator  
  51  6:07  Probe  
  51  6:08  Assimilator  
  52  6:23  Gateway  
  52  6:24  Probe x2  
  54  6:26  Warp Prism  
  53  6:36  Probe x2  
  57  6:41  Templar Archives  
  57  6:43  Gateway  
  57  6:45  Gateway  
  57  6:48  Probe x2  
  57  6:49  Gateway  
  57  6:50  Gateway  
  59  7:00  Probe  
  54  7:10  Probe  
  54  7:13  Probe  
  56  7:17  Robotics Bay  
  56  7:19  Gateway  
  56  7:22  Probe  
  57  7:24  Gateway  
  57  7:25  Probe  
  58  7:34  Probe  
  57  7:37  Zealot  
  57  7:38  Zealot x3  
  61  7:46  Warp Prism  
  63  7:55  Stalker x2  
  63  7:56  Stalker  
  69  8:02  Nexus  
  67  8:08  Probe  
  67  8:10  Stalker x3  
  68  8:22  Observer  
  69  8:33  Stalker x4  
  75  8:34  Stalker  
  77  8:41  High Templar x3  
  77  8:42  High Templar  
  77  8:45  Archon  
  77  8:46  Archon  
  83  8:49  Zealot  
  83  8:55  Pylon  
  79  8:57  Zealot  
  79  8:58  Assimilator  
  79  9:02  Zealot, Pylon  
  65  9:03  Assimilator  
  61  9:10  Zealot  
  61  9:13  Zealot x3  
  67  9:21  Dark Shrine  
  67  9:22  High Templar x2  
  71  9:26  Archon  
  71  9:27  Stalker x2  
  75  9:39  Zealot x3  
  75  9:40  Zealot x2  
  79  9:50  Colossus  
  69  9:57  Psionic Storm  
  57  10:05  Robotics Facility  
  62  10:11  Protoss Ground Weapons Level 2  
  62  10:14  Zealot x4  
  62  10:15  Zealot x4  
  78  10:32  Zealot x2  
  78  10:35  High Templar  
  84  10:39  Zealot  
  86  10:44  Dark Templar  
  86  10:49  Zealot x2  
  92  10:52  Dark Templar  
  92  11:04  Colossus  
  92  11:06  Zealot  
  92  11:07  Zealot x4  
  92  11:08  Zealot  
  110  11:22  High Templar  
  112  11:28  Colossus  
  106  11:45  Zealot x5  
  106  11:46  Zealot x2  
  116  11:47  Colossus  
  97  12:16  Dark Templar x2  
  97  12:17  Dark Templar  
  97  12:19  Observer  
  96  12:34  Pylon  
  86  12:37  Pylon  
  86  12:39  Zealot, Stalker  
  86  12:43  Pylon  
  89  12:45  Pylon  
  89  12:57  Zealot x4  
  93  13:06  Colossus x2  
  93  13:10  Zealot x2  
  99  13:28  Pylon  
  99  13:31  Pylon  
  99  13:32  Pylon  
  81  13:56  Zealot x2  
  81  13:57  Zealot x6  
  81  13:58  Zealot x2  
  81  14:00  Observer x2  
  93  14:31  Shield Battery  
  93  14:32  Shield Battery  
  93  14:34  Shield Battery  
  93  14:35  Pylon  
  93  14:37  Pylon  
  75  14:47  Archon  
  56  14:53  Zealot x2  
  56  14:54  Zealot x6  
  56  14:55  Zealot  
  56  14:57  High Templar  
Tags
 
Add a new tag
Caveats
  • Supply blocks, unpowered buildings, or Contaminate may cause inaccurate times.
  • Supply counts are checked every 10 seconds.